 Dungeon Crawl Stone Soup version 0.30-a0-956-gcec3b41aec (webtiles) character file.

Game seed: 7421159988047269908

2 retardedninja the Covered (level 1, 19/19 HPs)
             Began as an Armataur Fighter on Mar 29, 2023.
             Quit the game on level 1 of the Dungeon.
             The game lasted 00:00:08 (83 turns).

retardedninja the Covered (Armataur Fighter)          Turns: 83, Time: 00:00:09

Health: 19/19      AC:  7    Str: 21    XL:     1   Next: 33%
Magic:  1/1        EV:  7    Int:  8    God:
Gold:   14         SH:  4    Dex:  9    Spells: 0/0 levels left

rFire   . . .      SeeInvis .    a - +0 war axe
rCold   . . .      Faith    .    c - +0 buckler
rNeg    . . .      Spirit   .    b - +0 scale mail
rPois   .          Reflect  .    (no helmet)
rElec   .          Roll     +    (no cloak)
rCorr   .                        (no gloves)
Will    .....                    (no barding) Stlth
                                 (no amulet)
HPRegen 0.23/turn                (no ring)
MPRegen 0.07/turn                (no ring)

@: no status effects
A: large, rugged brown scales 3, deformed body, armoured tail, roll, long
tongue, awkward tongue
a: no special abilities


You were on level 1 of the Dungeon.
You visited 1 branch of the dungeon, and saw 1 of its levels.

You collected 14 gold pieces.

Inventory:

Hand Weapons
 a - a +0 war axe (weapon)
Armour
 b - a +0 scale mail (worn)
 c - a +0 buckler (worn)
Scrolls
 f - a scroll of identify {unknown}
Potions
 d - a potion of might
 e - a potion of curing {unknown}


   Skills:
 + Level 2.7 Fighting
 + Level 1.6 Axes
 + Level 3.7 Armour
 + Level 3.3 Shields


You couldn't memorise any spells.
You didn't know any spells.
Your spell library was empty.

Dungeon Overview and Level Annotations

Branches:
Dungeon (1/15)

Altars:


Innate Abilities, Weirdness & Mutations

You are completely covered in rugged brown scales. (AC +3, +7% HP)
Armour fits poorly on your strangely shaped body.
You have a long armoured tail.
You roll when moving toward enemies. (Rampage)
Your long tongue fully drains potion bottles. (2x potion effects)
Your tongue gives you trouble enunciating. (1.5x scroll delay)


Message History

A ball python is nearby!
A ball python is nearby!
You roll towards the ball python!
You block the ball python's attack.
A ball python is nearby!
You barely miss the ball python. The ball python barely misses you.
The ball python bites you but does no damage.
You slash the ball python!
You kill the ball python!
You see here a +0 mace.
Key pressed, stopping explore.
No target in view!
Key pressed, stopping explore.
Key pressed, stopping explore.
No target in view!
Key pressed, stopping explore.
No target in view!
Key pressed, stopping explore.
No target in view!
No target in view!
You now have 14 gold pieces.
Key pressed, stopping explore.
No target in view!
Found a stone staircase leading down.
No target in view!
f - a scroll labelled ONEJIKK PIWNEI No target in view!
A goblin comes into view. It is wielding a +0 club.
A goblin is nearby!
You roll towards the goblin!
A goblin is nearby!
You slash the goblin!
You kill the goblin!
Found 3 stones.
Things that are here:
a +0 club; a goblin corpse Key pressed, stopping explore.
No target in view!
Key pressed, stopping explore.
No target in view!
Are you sure you want to abandon this character and quit the game? (Confirm with "yes".)

..# #.# .# ..# ###
.## .## #.. .. ..#
#.# #.# ### #.# ..
..# ######.##.# .##
#...)...#.##.# ..#
#.####..@....#
#.#######.#
##.#.####
........#.##....(.#
..#####......##.###
.## ###.#####.# .#
#..> ..# .# #####
### .# .#


There were no monsters in sight!

Vanquished Creatures
  A ball python (D:1)
  A goblin (D:1)
2 creatures vanquished.

Notes
Turn   | Place    | Note
-------+----------+-------------------------------------------
     0 | D:1      | retardedninja the Armataur Fighter began the quest for the
                  | Orb.
     0 | D:1      | Reached XP level 1. HP: 19/19 MP: 1/1
    83 | D:1      | Quit the game

Illustrated notes

Levels and vault maps discovered:
D:1:      minmay_arrival_solitary_statue, layout_loops_cross,
          minmay_misc_feat_alley

Action                     || total
---------------------------++-------
  Melee: War axe           ||     3
 Armour: Scale mail        ||     1
  Dodge: Dodged            ||     1
  Block: Buckler           ||     1

Table legend: (Time is in decaauts)
 A = Elapsed time spent in this place.
 B = Non-inter-level travel time spent in this place.
 C = Inter-level travel time spent in this place.
 D = Time resting spent in this place.
 E = Time spent auto-exploring this place.
 F = Levels seen in this place.
 G = Mean time per level.
                   A        B        C        D        E       F      G
               +--------+--------+--------+--------+--------+-----+--------+
         Total |     84 |     84 |      0 |      0 |     70 |   1 |   84.0 |
       Dungeon |     84 |     84 |      0 |      0 |     70 |   1 |   84.0 |
               +--------+--------+--------+--------+--------+-----+--------+

Top non-repeatable levels by time:
     D:1: 84 daAuts
